 Dungeon Crawl Stone Soup version 0.28.0-1-gb440e238dd (webtiles) character file.

Game seed: 1577100929892830160

81 Aksej the Chopper (level 4, 0/40 HPs)
             Began as a Hill Orc Monk on Feb 22, 2022.
             Slain by an iguana (9 damage)
             ... on level 3 of the Dungeon.
             The game lasted 00:06:07 (2130 turns).

Aksej the Chopper (Hill Orc Monk)                   Turns: 2130, Time: 00:06:08

Health: 0/40       AC:  3    Str: 13    XL:     4   Next: 42%
Magic:  4/4        EV: 13    Int:  8    God:
Gold:   126        SH:  0    Dex: 15    Spells: 3/3 levels left

rFire   . . .      SeeInvis .   a - +0 hand axe
rCold   . . .      Faith    .   (no shield)
rNeg    . . .      Spirit   .   b - +1 robe
rPois   .          Reflect  .   (no helmet)
rElec   .          Harm     .   (no cloak)
rCorr   .          Rampage  .   (no gloves)
Will    .....                   (no boots)
Stlth   ++........              i - amulet of regeneration
HPRegen 0.93/turn               (no ring)
MPRegen 0.09/turn               (no ring)

@: no status effects
A: dopey 1, screaming 1
a: no special abilities


You were on level 3 of the Dungeon.
You visited 1 branch of the dungeon, and saw 3 of its levels.

You collected 126 gold pieces.

Inventory:

Hand Weapons
 a - a +0 hand axe (weapon)
 j - a +2 dagger of flaming
Missiles
 f - 6 boomerangs (quivered)
Armour
 b - a +1 robe (worn)
Jewellery
 i - an amulet of regeneration (around neck)
Scrolls
 c - 2 scrolls of magic mapping
 g - a scroll of fog
 h - a scroll of enchant armour
Potions
 e - a potion of haste


   Skills:
 + Level 4.2 Fighting
 + Level 5.2 Axes
 + Level 0.2 Throwing
 + Level 2.9 Dodging
 + Level 2.1 Stealth


You had 3 spell levels left.
You didn't know any spells.
Your spell library contained the following spells:

 Spells                   Type           Power      Damage    Failure   Level
 Petrify                  Tmut/Erth      0%         N/A       99%         4
 Metabolic Englaciation   Hex/Ice        0%         N/A       100%        5
 Statue Form              Tmut/Erth      0%         N/A       100%        6


Dungeon Overview and Level Annotations

Branches:
Dungeon (3/15)

Altars:
Sif Muna

Shops:
D:1 =


Innate Abilities, Weirdness & Mutations

You are dopey. (Int -2)
You occasionally shout uncontrollably at your foes.


Message History

The iguana is lightly wounded.
The iguana bites you.
You barely miss the iguana.
The iguana is lightly wounded.
The iguana closely misses you.
You hit the iguana.
The iguana is moderately wounded.
The iguana misses you.
You barely miss the iguana.
The iguana is moderately wounded.
The iguana bites you but does no damage.
You closely miss the iguana.
The iguana is moderately wounded.
The iguana bites you!
You hit the iguana.
The iguana is heavily wounded.
The iguana bites you!
You are too injured to fight recklessly!
You are too injured to fight recklessly!
You are too injured to fight recklessly!
You are too injured to fight recklessly!
You are too injured to fight recklessly!
You hit the iguana but do no damage.
The iguana is heavily wounded.
The iguana misses you.
You hit the iguana but do no damage.
The iguana is heavily wounded.
The iguana barely misses you.
You barely miss the iguana.
The iguana is heavily wounded.
The iguana bites you!
* * * LOW HITPOINT WARNING * * *
You hit the iguana.
The iguana is severely wounded.
The iguana bites you.
* * * LOW HITPOINT WARNING * * *
You hit the iguana but do no damage.
The iguana is severely wounded.
The iguana bites you!
You die...

#. # #. #.# #.##.#
#.# ...... #.# .
......###.####### ...
................#....
.......)..........#
.......<.....@l.#
.(........>.....#
#####......)....#
#.....[.......#
...##..........# ..##
#.........|# .
############


You could see an iguana.

Vanquished Creatures
  3 gnolls (D:2)
  A worm (D:2)
  A dart slug (D:1)
  An orc (D:3)
  6 ball pythons
  4 endoplasms
  3 giant cockroaches (D:2)
  4 goblins
  4 hobgoblins
  2 quokkas (D:1)
  4 bats
  3 frilled lizards (D:1)
  6 kobolds
  3 rats
45 creatures vanquished.

Vanquished Creatures (others)
  24 plants (D:1)
24 creatures vanquished.

Grand Total: 69 creatures vanquished

Notes
Turn   | Place    | Note
-------+----------+-------------------------------------------
     0 | D:1      | Aksej the Hill Orc Monk began the quest for the Orb.
     0 | D:1      | Reached XP level 1. HP: 19/19 MP: 1/1
    38 | D:1      | Found a faded altar of an unknown god.
   218 | D:1      | Reached XP level 2. HP: 27/27 MP: 2/2
   984 | D:1      | Reached XP level 3. HP: 33/33 MP: 3/3
  1043 | D:1      | Found Kuceus's Jewellery Boutique.
  1503 | D:2      | Found a shimmering blue altar of Sif Muna.
  1604 | D:2      | HP: 1/33 [gnoll (8)]
  1721 | D:2      | Reached skill level 5 in Axes
  1721 | D:2      | Reached XP level 4. HP: 13/40 MP: 4/4
  1783 | D:2      | Gained mutation: Your muscles are strong. (Str +2) [potion
                  | of mutation]
  1783 | D:2      | Gained mutation: Your system is resistant to poisons.
                  | (rPois) [potion of mutation]
  1783 | D:2      | Gained mutation: You have supernaturally acute eyesight.
                  | (SInv) [potion of mutation]
  1784 | D:2      | Lost mutation: You have supernaturally acute eyesight.
                  | (SInv) [potion of mutation]
  1784 | D:2      | Lost mutation: Your muscles are strong. (Str +2) [potion of
                  | mutation]
  1784 | D:2      | Lost mutation: Your system is resistant to poisons. (rPois)
                  | [potion of mutation]
  1784 | D:2      | Gained mutation: You occasionally shout uncontrollably at
                  | your foes. [potion of mutation]
  1784 | D:2      | Gained mutation: You are dopey. (Int -2) [potion of
                  | mutation]
  2130 | D:3      | Slain by an iguana

Illustrated notes

Levels and vault maps discovered:
D:1:      roderic_crop_circles_arrival_small, layout_basic,
          hellmonk_ecumenical_altar_crossroads, serial_shops, shop
D:2:      layout_loops_ring, basic_altar, minmay_misc_feat_rows, minivault_23,
          chequers_serial_rivers_large_a
D:3:      layout_rooms

Skill      XL: |  1  2  3 |
---------------+----------+-----
Fighting       | 4 |  4.2
Stealth        | 2 |  2.1
Axes           | 5 |  5.2
Throwing       | |  0.2
Dodging        | |  2.9

Action                   |  1- 3 |  4- 6 || total
-------------------------+-------+-------++-------
Melee: Hand axe          |   117 |    63 ||   180
       Punch             |       |     2 ||     2
Throw: Boomerang         |     8 |       ||     8
  Use: Scroll            |     7 |     2 ||     9
       Potion            |       |     2 ||     2
 Stab: Sleeping          |     4 |     4 ||     8
Armor: Robe              |    24 |     3 ||    27
Dodge: Dodged            |    77 |    35 ||   112
